 Dungeon Crawl Stone Soup version 0.23.0 (webtiles) character file.

Game seed: 762445239294949383

705 FrothyCoffee the Sneak (level 7, -5/54 HPs)
             Began as a Merfolk Assassin on Feb 18, 2019.
             Was a Follower of Okawaru.
             Killed from afar by an orc wizard (7 damage)
             ... with a puff of flame
             ... on level 5 of the Dungeon.
             The game lasted 00:31:39 (8370 turns).

FrothyCoffee the Sneak (Merfolk Assassin)           Turns: 8370, Time: 00:31:40

Health: -5/54      AC:  7    Str: 12    XL:     7   Next: 67%
Magic:  7/7        EV: 12    Int: 12    God:    Okawaru [*.....]
Gold:   359        SH:  5    Dex: 15    Spells: 6/6 levels left

rFire    . . .     SeeInvis .   a - +2 dagger
rCold    . . .     Gourm    +   u - +0 buckler
rNeg     . . .     Faith    .   B - +0 ring mail
rPois    .         Spirit   .   s - +0 helmet
rElec    .         Reflect  .   d - +0 cloak
rCorr    .         Harm     .   (no gloves)
MR       .....                  (no boots)
Stlth    ++........             y - amulet of the gourmand
HPRegen  0.18/turn              (no ring)
MPRegen  0.10/turn              (no ring)

@: no status effects
A: change form in water, swift swim, stealthy swim
a: Heroism, Renounce Religion


You were on level 5 of the Dungeon.
You worshipped Okawaru.
Okawaru was aware of your devotion.
You were near starving.

You visited 1 branch of the dungeon, and saw 5 of its levels.

You collected 359 gold pieces.

Inventory:

Hand Weapons
 a - a +2 dagger (weapon)
 b - a +0 hand crossbow
 t - a +1 whip of draining
 w - a +0 blowgun
 C - a +0 shortbow
Missiles
 e - 24 poisoned needles
 f - 2 curare-tipped needles
 x - 25 bolts
 D - 34 arrows
Armour
 d - a +0 cloak (worn)
 i - a +0 chain mail
 s - a +0 helmet (worn)
 u - a +0 buckler (worn)
 B - a +0 ring mail (worn)
Jewellery
 k - an uncursed ring of stealth {unknown}
 v - a +2 ring of slaying
 y - an amulet of the gourmand (around neck)
 H - an uncursed ring of fire {unknown}
Scrolls
 m - 2 scrolls of fog
 o - a scroll of fear
 r - a scroll of teleportation
 A - 4 scrolls of identify
 E - a scroll of immolation
 G - a scroll of amnesia {unknown}
Potions
 c - 2 potions of resistance
 h - 2 potions of curing
 j - 2 potions of lignification {unknown}
 l - a potion of heal wounds {unknown}
 n - 2 potions of brilliance {unknown}
 p - a potion of haste
 q - a potion of berserk rage {unknown}
 z - a potion of agility {unknown}
 F - 2 potions of flight {unknown}
Comestibles
 g - 7 rations


   Skills:
 + Level 4.1 Fighting
 + Level 4.5 Short Blades
 - Level 0.4 Crossbows
 - Level 2.0 Throwing
 + Level 2.6 Armour
 + Level 4.2 Dodging
 + Level 5.6 Stealth
 + Level 2.9 Shields


You had 6 spell levels left.
You didn't know any spells.
Your spell library was empty.

Dungeon Overview and Level Annotations

Branches:
Dungeon (5/15)
 Temple: D:4-7

Altars:
Hepliaklqana
Nemelex Xobeh
Okawaru
Wu Jian

Annotations:
D:3 3 runed translucent doors, MovingMist's ghost, novice GrFi


Message History

A puff of frost appears from out of thin air!
The puff of frost hits something!
You hear some strange, mumbled words.
A puff of flame appears from out of thin air!
The puff of flame hits you.
The orc priest mumbles some strange prayers to Beogh against you.
Beogh smites you!
* * * LOW HITPOINT WARNING * * *
A puff of flame appears from out of thin air!
The puff of flame hits something.
A magic dart appears from out of thin air!
The magic dart hits something!
Reactivating autopickup.
A magic dart appears from out of thin air!
Deactivating autopickup; reactivate with Ctrl-A.
The magic dart hits you.
* * * LOW HITPOINT WARNING * * *
A puff of flame appears from out of thin air!
The puff of flame hits you!
You die...

.## #### ###.........###....###
..# ##................### # ..#
##...............### #### ..##
###................# ##...
...####..................# #....
...#....................#####....
.....###.........................
..#### #.........................
### ##.......@........≈≈≈..... #
##..............≈≈≈≈≈....
##...#...#.....≈≈.≈≈....
##............≈≈≈≈≈)...
##............≈≈≈..... ..#
#.................... ...#
#...o.#.............. .....
#........#..##....... .....#
####...###..###......


You could see an orc priest.

Vanquished Creatures
  An ice beast (D:4)
  An ogre (D:4)
  A phantom (D:3)
  A centaur (D:5)
  A hound (D:4)
  A jelly (D:5)
  2 orc priests (D:3)
  2 orc wizards (D:3)
  A worker ant (D:5)
  A gnoll (D:2)
  4 adders
  2 shadow imps (D:5)
  2 oozes
  2 worms
  A dart slug (D:4)
  2 leopard geckos
  17 orcs
  2 ball pythons
  5 bats
  6 giant cockroaches
  9 goblins
  5 hobgoblins
  2 quokkas (D:3)
  4 frilled lizards
  A jackal skeleton (D:5)
  7 kobolds
  7 rats
90 creatures vanquished.

Vanquished Creatures (others)
  An orc wizard (D:5)
1 creature vanquished.

Grand Total: 91 creatures vanquished

Notes
Turn   | Place    | Note
-------+----------+-------------------------------------------
     0 | D:1      | FrothyCoffee the Merfolk Assassin began the quest for the
                  | Orb.
     0 | D:1      | Reached XP level 1. HP: 16/16 MP: 1/1
   185 | D:1      | Reached XP level 2. HP: 23/23 MP: 2/2
   715 | D:2      | Reached XP level 3. HP: 25/28 MP: 3/3
  1362 | D:2      | Reached XP level 4. HP: 21/34 MP: 4/4
  1555 | D:2      | Reached skill level 1 in Armour
  1583 | D:2      | Found an iron altar of Okawaru.
  1862 | D:2      | Became a worshipper of Warmaster Okawaru
  1934 | D:2      | Found an iron altar of Okawaru.
  2820 | D:3      | Reached skill level 1 in Shields
  2820 | D:3      | Reached XP level 5. HP: 20/41 MP: 5/5
  3730 | D:3      | Found a runed translucent gate.
  3731 | D:3      | Found a runed translucent gate.
  3731 | D:3      | Found a runed translucent gate.
  3732 | D:3      | Noticed MovingMist's ghost (novice GrFi)
  4372 | D:4      | Noticed an ogre
  4436 | D:4      | Noticed a phantom
  4493 | D:3      | Reached skill level 5 in Stealth
  4493 | D:3      | Reached XP level 6. HP: 45/47 MP: 6/6
  4551 | D:3      | Killed a phantom
  5539 | D:2      | Found an ornate altar of the Wu Jian Council.
  5732 | D:4      | HP: 1/47 [ogre/+0 giant club (20)]
  6193 | D:4      | Reached XP level 7. HP: 13/52 MP: 7/7
  6794 | D:5      | Entered Level 5 of the Dungeon
  6885 | D:5      | Found a sparkling altar of Nemelex Xobeh.
  6886 | D:5      | Found a hazy altar of Hepliaklqana.
  7011 | D:5      | Reached * piety under Okawaru
  7199 | D:5      | Found a glowing drain.
  7251 | D:5      | Found a sand-covered staircase.
  8367 | D:5      | HP: 2/54 [something/magic dart (3)]
  8370 | D:5      | Killed from afar by an orc wizard

Skill      XL: |  1  2  3  4  5  6  7 |
---------------+----------------------+-----
Dodging        | 2 3 4 |  4.2
Short Blades   | 3 4 |  4.5
Armour         | 1 2 |  2.6
Fighting       | 3 4 |  4.1
Shields        | 1 2 |  2.9
Stealth        | 5 |  5.6
Crossbows      | |  0.4
Throwing       | |  2.0

Action                   |  1- 3 |  4- 6 |  7- 9 || total
-------------------------+-------+-------+-------++-------
Melee: Dagger            |   126 |   316 |   113 ||   555
 Fire: Hand crossbow     |       |     9 |    35 ||    44
  Use: Scroll            |       |     9 |       ||     9
       Potion            |       |     2 |     1 ||     3
 Stab: Sleeping          |       |       |     1 ||     1
  Eat: Chunk             |     1 |    16 |     3 ||    20
       Ration            |       |     1 |       ||     1
Armor: Chain mail        |    85 |   145 |    17 ||   247
       Ring mail         |       |       |    30 ||    30
Dodge: Dodged            |    22 |    52 |    43 ||   117
Block: Buckler           |       |    51 |    19 ||    70
